AoeStats
← jphilkill

Arena

510059467Analyzed
4v4 RM · 2d ago on Sep 29, 2026· 49m 13s· 8 players
Game mode
Random Map
Map size
Large (8 player)
Population
200
Speed
Normal
Resources
Standard
Victory
Conquest
Starting age
Dark Age
Ending age
Imperial Age
RankedLock teamsTeams togetherTeam positionsShared explorationLock speedFull tech treeHidden civsTurbo modeCheats
Victory
Defeat
🇹🇼 Varangians · Taiwan
1049
+12
🇹🇼 Spanish · Taiwan
1028
+13
🇨🇳 Sicilians · China
992
+15
🇹🇼 Hindustanis · Taiwan
918
+18
🇺🇸 Franks · United States
1053
-18
🇩🇪 Franks · Germany
982
-15
🇷🇺 Danes · Russia
932
-13
🇬🇧 Vietnamese · United Kingdom
897
-12
GG豪大
11:35 Feudal Age
15:57 Castle Age
13:45 Double-Bit Axe
13:44 Horse Collar
23:23 Gold Mining
23:23 Stone Mining
23:45 Bow Saw
30:35 Heavy Plow
31:15 Wheelbarrow
33:24 Imperial Age
32:17 Hand Cart
31:48 Loom
32:33 Scale Mail Armor
32:44 Forging
33:55 Gold Shaft Mining
33:47 Scale Barding Armor
33:45 Husbandry
33:56 Bloodlines
36:43 Chain Barding Armor
36:59 Iron Casting
38:44 Two-Man Saw
37:36 Heavy Camel Rider
39:55 Conscription
40:02 Elite Ghulam
43:24 Imperial Camel Rider
45:17 Plate Barding Armor
44:58 Chain Mail Armor
45:18 Iron Casting
48:27 Stone Shaft Mining
karewellx
7:36 Loom
12:18 Feudal Age
12:40 Feudal Age
17:04 Castle Age
16:42 Stone Mining
16:39 Double-Bit Axe
若叶睦
11:59 Feudal Age
16:22 Castle Age
14:31 Horse Collar
15:38 Gold Mining
16:28 Double-Bit Axe
22:14 Scale Mail Armor
22:53 Heavy Plow
23:52 Wheelbarrow
25:17 Forging
26:10 Hand Cart
27:16 Gold Shaft Mining
33:18 Pikeman
34:00 Squires
48:35 Imperial Age
世紀垃圾
10:50 Feudal Age
14:29 Castle Age
12:44 Horse Collar
13:13 Double-Bit Axe
15:40 Bow Saw
16:04 Heavy Plow
21:13 Wheelbarrow
21:48 Gold Mining
27:49 Imperial Age
25:10 Loom
25:37 Scale Barding Armor
26:10 Forging
26:29 Hand Cart
27:10 Chain Barding Armor
27:03 Bloodlines
27:51 Iron Casting
27:38 Stone Mining
27:55 Cavalier
29:12 Plate Barding Armor
29:22 Stone Shaft Mining
30:21 Chemistry
30:04 Paladin
33:43 Conscription
38:01 Blast Furnace
37:02 Padded Archer Armor
36:53 Light Cavalry
37:35 Husbandry
40:34 Hussar
43:19 Pikeman
47:41 Halberdier
49:17 Squires
Lord of Hougun
4:59 Loom
10:46 Feudal Age
16:58 Castle Age
18:04 Padded Archer Armor
22:31 Fletching
24:18 Light Cavalry
27:04 Bodkin Arrow
32:09 Leather Archer Armor
36:03 Forging
35:54 Scale Mail Armor
43:47 Imperial Age
41:06 Pikeman
43:35 Pikeman
44:16 Squires
45:00 Iron Casting
44:41 Chain Mail Armor
48:01 Imperial Age
jphilkill
1:00 Loom
10:54 Feudal Age
15:25 Castle Age
13:21 Double-Bit Axe
14:52 Stone Mining
15:28 Gold Mining
32:02 Wheelbarrow
43:32 Scale Mail Armor
43:43 Forging
TDMC | SpAwN_™
0:28 Loom
10:30 Feudal Age
14:37 Castle Age
12:36 Double-Bit Axe
15:20 Wheelbarrow
16:00 Bow Saw
22:33 Hand Cart
39:49 Imperial Age
40:44 Cavalier
43:34 Paladin
45:03 Pikeman
Artem
2:39 Loom
9:34 Feudal Age
10:10 Double-Bit Axe
15:27 Castle Age
14:02 Horse Collar
15:08 Stone Mining
16:18 Bow Saw
17:54 Heavy Plow
24:47 Gambesons
25:06 Scale Mail Armor
25:54 Forging
26:35 Chain Mail Armor
26:13 Hamask
26:44 Arson
27:07 Squires
28:27 Iron Casting
34:17 Wheelbarrow
36:46 Imperial Age
35:42 Stone Shaft Mining
35:01 Gold Mining
36:09 Hand Cart
37:11 Fletching
36:59 Capped Ram
38:07 Conscription
38:52 Plate Mail Armor
39:23 Blast Furnace
41:12 Blast Furnace
39:36 Onager
42:17 Chemistry
Connection lost

Rejoining the realm…

Still unreachable

The connection could not be restored.

Session expired

The server has moved on; the page needs a fresh start.